 Dungeon Crawl Stone Soup version 0.31-a0-750-gfe7b580527 (webtiles) character file.

Game seed: 12275587210470064900

4505 Iich the Fighter (level 10, 0/92 HPs)
             Began as a Minotaur Fighter on Sept 14, 2023.
             Was an Initiate of Gozag.
             Slain by a two-headed ogre
             ... wielding a +0 giant club
              (6 damage)
             ... on level 10 of the Dungeon.
             The game lasted 00:16:50 (9482 turns).

Iich the Fighter (Minotaur Fighter)                 Turns: 9482, Time: 00:16:51

Health: 0/92       AC: 15    Str: 19 (21) XL:     10   Next: 16%
Magic:  9/9        EV: 12    Int:  3 (5)  God:    Gozag
Gold:   759        SH:  6    Dex: 13 (14) Spells: 9/9 levels left

rFire   . . .        a - +1 war axe
rCold   . . .        c - +0 buckler
rNeg    . . .        b - +0 scale mail
rPois   +            (helmet restricted)
rElec   .            H - +0 cloak {rCorr}
rCorr   +            j - +0 pair of gloves
SInv    .            K - +1 pair of boots
Will    .....        (no amulet) Stlth
                     m - +4 ring of protection
HPRegen 0.35/turn    P - ring of poison resistance
MPRegen 0.11/turn

%: no passive effects
@: about to teleport
A: horns 2, retaliatory headbutt
a: Renounce Religion, Potion Petition, Call Merchant, Bribe Branch


You were on level 10 of the Dungeon.
You worshipped Gozag.
Gozag was pleased with you.
You visited 2 branches of the dungeon, and saw 11 of its levels.

You collected 1144 gold pieces.
You paid 385 gold pieces to Gozag.

Inventory:

Hand Weapons
 a - a +1 war axe (weapon)
Armour
 b - a +0 scale mail (worn)
 c - a +0 buckler (worn)
 j - a +0 pair of gloves (worn)
 H - a +0 cloak of preservation (worn)
 K - a +1 pair of boots (worn)
Jewellery
 m - a +4 ring of protection (left hand)
 D - a ring of ice
 I - a +6 ring of intelligence
 P - a ring of poison resistance (right hand)
Wands
 z - a wand of charming (6)
 C - a wand of polymorph (23)
 G - a wand of mindburst (14)
 J - a wand of roots (3)
Scrolls
 g - 2 scrolls of vulnerability
 h - 2 scrolls of fog
 i - a scroll of amnesia
 k - a scroll of noise
 l - 2 scrolls of enchant weapon
 n - a scroll of poison
 r - 2 scrolls of immolation
 t - 6 scrolls of teleportation
 u - a scroll of silence
 w - a scroll of revelation {unknown}
 y - a scroll of brand weapon {unknown}
 B - a scroll of fear {unknown}
 E - a scroll of acquirement {unknown}
 F - a scroll of butterflies {unknown}
Potions
 d - a potion of might
 e - a potion of heal wounds {unknown}
 f - a potion of cancellation {unknown}
 o - a potion of haste {unknown}
 q - 4 potions of curing
 s - 2 potions of brilliance
 v - a potion of enlightenment
 x - a potion of ambrosia
 A - a potion of attraction


   Skills:
 * Level 9.7 Fighting
 + Level 9.2 Axes
 + Level 3.7 Armour
 + Level 8.0 Dodging
 - Level 9.6 Shields


You had 9 spell levels left.
You didn't know any spells.
Your spell library contained the following spells:

 Spells                   Type           Power      Damage    Failure   Level
 Kiss of Death            Conj/Necr      0%         2d5       91%         1
 Magic Dart               Conj           0%         1d3       91%         1
 Call Imp                 Summ           0%         N/A       97%         2
 Cigotuvi's Dreadful Rot  Necr/Pois/Air  0%         N/A       97%         2
 Poisonous Vapours        Pois/Air       0%         N/A       97%         2
 Confusing Touch          Hex            0%         N/A       99%         3
 Ignite Poison            Fire/Tmut/Pois 0%         N/A       99%         3
 Inner Flame              Hex/Fire       0%         N/A       99%         3
 Mephitic Cloud           Conj/Pois/Air  0%         N/A       99%         3
 Dispel Undead            Necr           0%         3d6       100%        4
 Freezing Cloud           Conj/Ice/Air   0%         6-21      100%        5
 Yara's Violent Unravell  Hex/Tmut       0%         3d3       100%        5
 Enfeeble                 Hex            0%         N/A       100%        7


Dungeon Overview and Level Annotations

Branches:
Dungeon (10/15)            Temple (1/1) D:5            Lair (0/5) D:9
    Orc: D:9-12

Altars:
Ashenzari
Cheibriados
Dithmenos
Elyvilon
Fedhas
Gozag
Hepliaklqana
Kikubaaqudgha
Makhleb
Nemelex Xobeh
Okawaru
Qazlal
Ru
Sif Muna
Trog
Uskayaw
Vehumet
Wu Jian
Xom
Yredelemnul
Zin
The Shining One

Annotations:
D:7 Jeremiah


Innate Abilities, Weirdness & Mutations

You have a pair of horns on your head.
You reflexively headbutt those who attack you in melee.


Message History

Press: ? - help, Q - select action, (/) - cycle Shift-Dir - straight line, f/p - two-headed ogre
Aim: a two-headed ogre, wielding two +0 giant clubs (lightly wounded, constricted by roots, chance to affect: 47%)
The two-headed ogre's minds are blasted!!
The grasping roots constrict the two-headed ogre.
The grasping roots constrict the manticore.
The roots release their grip on the two-headed ogre.
The roots release their grip on the manticore.
You barely miss the two-headed ogre.
The two-headed ogre is heavily wounded.
The two-headed ogre hits you with a +0 giant club! x2
You take 25 damage, and have 56/92 hp. !!!!--MASSIVE DAMAGE--!!!!
You slash the two-headed ogre!
Your headbutt misses the two-headed ogre.
The two-headed ogre is severely wounded.
The two-headed ogre hits you with a +0 giant club!
* * * LOW HITPOINT WARNING * * *
The two-headed ogre misses you.
You take 15 damage, and have 41/92 hp.
You hit the two-headed ogre but do no damage.
The two-headed ogre is severely wounded.
You carefully extract the barbed spikes from your body.
You hit the two-headed ogre but do no damage.
The two-headed ogre is severely wounded.
The two-headed ogre closely misses you. You furiously retaliate!
You headbutt the two-headed ogre.
The two-headed ogre hits you with a +0 giant club!
* * * LOW HITPOINT WARNING * * *
You take 17 damage, and have 24/92 hp.
As you read the scroll of teleportation, it crumbles to dust.
You feel strangely unstable.
The two-headed ogre hits you with a +0 giant club!!
* * * LOW HITPOINT WARNING * * *
The two-headed ogre hits you but does no damage.
You take 18 damage, and have 6/92 hp.
The two-headed ogre attacks as it pursues you!
The two-headed ogre barely misses you. You furiously retaliate!
You headbutt the two-headed ogre.
The two-headed ogre hits you with a +0 giant club.
You die...
Your body crumbles into a pile of gold.

##.## # ##.## #. ##...##
##'# ### .######.#.#.# #...#
#.. .. ..#.##.... ....O#
#.###.# #.##.###.. ......#
#..##.# #.###.#...
.......####.....###.####....
........H.O@................
........###....##.#.#####...
......#.# #.........# ##..
.....##.# #.##.##.### ##.
#...# #.# #....##.# #. ....
#.# #.##.##.# #. ... #.#
#.##.##.# #. .. #.#
#.......# #. .....#### #.


You could see a two-headed ogre and a manticore.

Vanquished Creatures
  A two-headed ogre (D:8)
  Maurice (D:8)
  Psyche (D:9)
  Sigmund (D:5)
  2 steam dragons (D:7)
  Duvessa (D:7)
  A water moccasin (D:6)
  3 orc warriors
  2 sky beasts
  A black bear (D:5)
  A centaur (D:4)
  2 kobold brigands
  A bullfrog (D:7)
  A scorpion (D:7)
  10 wights
  5 howler monkeys
  2 jellies
  3 hounds (D:5)
  5 orc priests
  A sleepcap (D:7)
  Jessica (D:3)
  4 iguanas
  16 orc wizards
  Robin (D:3)
  4 adders
  7 gnolls
  A shadow imp (D:8)
  A white imp (D:8)
  An ufetubus (D:5)
  A worm (D:5)
  A dart slug (D:2)
  33 orcs
  4 ball pythons
  4 bats (D:2)
  8 endoplasms
  4 giant cockroaches
  15 goblins
  13 hobgoblins
  6 jackals
  4 quokkas
  5 frilled lizards
  16 kobolds
  5 rats
200 creatures vanquished.

Notes
Turn   | Place    | Note
-------+----------+-------------------------------------------
     0 | D:1      | Iich the Minotaur Fighter began the quest for the Orb.
     0 | D:1      | Reached XP level 1. HP: 19/19 MP: 0/0
   246 | D:1      | Reached XP level 2. HP: 26/27 MP: 1/1
   379 | D:1      | Reached skill level 1 in Dodging
   709 | D:2      | Reached XP level 3. HP: 32/33 MP: 2/2
   830 | D:3      | Noticed Robin
   843 | D:3      | Killed Robin
   844 | D:3      | Reached XP level 4. HP: 32/40 MP: 3/3
  1789 | D:3      | Noticed Jessica
  1794 | D:3      | Killed Jessica
  1898 | D:3      | Reached XP level 5. HP: 47/47 MP: 4/4
  1908 | D:3      | Reached skill level 5 in Shields
  2155 | D:4      | Noticed a centaur
  2165 | D:4      | Killed a centaur
  2166 | D:4      | Reached skill level 5 in Fighting
  2166 | D:4      | Reached XP level 6. HP: 39/56 MP: 5/5
  2689 | D:5      | Entered Level 5 of the Dungeon
  2980 | D:5      | Reached XP level 7. HP: 60/62 MP: 6/6
  3075 | D:5      | Found a staircase to the Ecumenical Temple.
  3086 | D:5      | Reached skill level 5 in Axes
  3096 | Temple   | Entered the Ecumenical Temple
  3252 | Temple   | Became a worshipper of Gozag Ym Sagoz the Greedy
  3340 | D:5      | Noticed Sigmund
  3355 | D:5      | Killed Sigmund
  3989 | D:6      | Reached XP level 8. HP: 65/71 MP: 7/7
  4028 | D:6      | Reached skill level 5 in Dodging
  5661 | D:7      | Noticed Duvessa
  5665 | D:7      | Noticed Jeremiah
  5665 | D:7      | Noticed Dowan
  5681 | D:7      | Killed Duvessa
  5685 | D:7      | Dowan changed into Dowan the iguana
  5685 | D:7      | Noticed Dowan
  6007 | D:7      | Killed Dowan the iguana
  6546 | D:7      | Reached XP level 9. HP: 45/78 MP: 8/8
  6885 | D:7      | Found a hide-covered altar of Uskayaw.
  6902 | D:7      | Found a broken altar of Ashenzari.
  7353 | D:8      | Noticed Maurice
  7362 | D:8      | Killed Maurice
  8047 | D:8      | Noticed a two-headed ogre
  8062 | D:8      | Killed a two-headed ogre
  8315 | D:9      | Found a staircase to the Lair.
  8502 | D:9      | Reached XP level 10. HP: 91/91 MP: 9/9
  8612 | D:9      | Noticed Psyche
  8617 | D:9      | Found a bloodstained altar of Trog.
  8618 | D:9      | Paralysed by something for 2 turns
  8636 | D:9      | Killed Psyche
  8789 | D:9      | Found a sparkling altar of Nemelex Xobeh.
  8814 | D:9      | Found a stormy altar of Qazlal.
  8822 | D:9      | Found a snail-covered altar of Cheibriados.
  8979 | D:9      | Found an ancient bone altar of Kikubaaqudgha.
  9247 | D:10     | Entered Level 10 of the Dungeon
  9467 | D:10     | Noticed a manticore
  9468 | D:10     | Noticed a two-headed ogre
  9482 | D:10     | Slain by a two-headed ogre

Illustrated notes

Levels and vault maps discovered:
D:1:      scummos_arrival_forest, layout_loops_ring
D:2:      minmay_spotlight, layout_basic, minmay_misc_feat_rugged, st_stairs_7
D:3:      layout_loops_cross, uniq_jessica, uniq_robin
D:4:      layout_rooms, minivault_19
D:5:      layout_loops_corners, minmay_temple_entry_statues_pillars,
          serial_rivers, chequers_serial_rivers_small_3,
          chequers_serial_rivers_micro_b, chequers_serial_rivers_micro_e,
          chequers_serial_rivers_small_b, uniq_sigmund
D:6:      layout_basic, corexii_item_surrounded_by_moat, minivault_22,
          minmay_small_thing
D:7:      layout_basic, kennysheep_mini_moat, mainiacjoe_overflow_alcove_1,
          st_stairs_3, uniq_duvessa, uniq_jeremiah
D:8:      layout_gridville, uniq_maurice
D:9:      layout_irregular_city, nicolae_overflow_quartered_altars,
          kennysheep_mini, lair_entry_dummy, uniq_psyche
D:10:     layout_loops_corners, serial_bayou_pond_e, uniq_erica
Temple:   bh_familiar_temple

Skill      XL: |  1  2  3  4  5  6  7  8  9 10 |
---------------+-------------------------------+-----
Dodging        | 1 2 3 4 6 7 8 |  8.0
Shields        | 4 5 6 8 9 |  9.6
Fighting       | 4 5 6 7 9 |  9.7
Axes           | 3 4 6 7 9 |  9.2
Armour         | |  3.7

Action                     |  1- 3 |  4- 6 |  7- 9 | 10-12 || total
---------------------------+-------+-------+-------+-------++-------
  Melee: War axe           |    70 |   138 |   297 |    35 ||   540
         Headbutt          |     7 |    17 |    47 |     6 ||    77
         Unarmed           |       |       |       |    11 ||    11
 Invoke: Potion Petition   |       |       |     1 |       ||     1
  Evoke: Wand              |       |       |    10 |     5 ||    15
    Use: Potion            |     1 |     1 |     3 |     2 ||     7
         Scroll            |       |     5 |     4 |     1 ||    10
   Stab: Distracted        |       |       |     2 |       ||     2
 Armour: Scale mail        |    47 |   100 |   204 |    31 ||   382
         Skin              |       |       |       |     5 ||     5
  Dodge: Dodged            |    32 |    59 |   136 |    15 ||   242
  Block: Buckler           |    16 |    38 |    74 |     7 ||   135

Table legend: (Time is in decaauts)
 A = Elapsed time spent in this place.
 B = Non-inter-level travel time spent in this place.
 C = Inter-level travel time spent in this place.
 D = Time resting spent in this place.
 E = Time spent auto-exploring this place.
 F = Levels seen in this place.
 G = Mean time per level.
                   A        B        C        D        E       F      G
               +--------+--------+--------+--------+--------+-----+--------+
         Total |   9609 |   9272 |    337 |    806 |   6801 |  11 |  873.5 |
       Dungeon |   9436 |   9099 |    337 |    806 |   6801 |  10 |  943.6 |
        Temple |    172 |    172 |      0 |      0 |      0 |   1 |  172.0 |
               +--------+--------+--------+--------+--------+-----+--------+

Top non-repeatable levels by time:
     D:6: 2222 daAuts
     D:7: 1203 daAuts
     D:5: 1110 daAuts
     D:9: 970 daAuts
     D:8: 944 daAuts
     D:3: 792 daAuts
     D:2: 779 daAuts
     D:1: 605 daAuts
     D:4: 571 daAuts
    D:10: 235 daAuts
  Temple: 172 daAuts
